 Dungeon Crawl Stone Soup version 0.29-a0-330-g52719c12eb (webtiles) character file.

Game seed: 7905870148872558882

107170 Anon1729 the Fencer (level 16, -5/201 HPs)
             Began as a Merfolk Monk on May 21, 2022.
             Was a Plaything of Xom.
             Slain by a saltling (6 damage)
             ... in the Desolation of Salt on May 22, 2022.
             The game lasted 01:24:58 (30888 turns).

Anon1729 the Fencer (Merfolk Monk)                 Turns: 30888, Time: 01:24:59

Health: -5/201     AC: 15    Str: 15      XL:     16   Next: 46%
Magic:  16/16      EV: 26    Int:  9 (10) God:    Xom [.*....]
Gold:   3672       SH:  0    Dex: 24      Spells: 15/15 levels left

rFire   . . .      SeeInvis .   a - +9 long sword (venom)
rCold   + + +      Faith    +   (no shield)
rNeg    . . .      Spirit   .   r - +0 acid dragon scales
rPois   .          Reflect  .   (helmet restricted)
rElec   +          Harm     .   L - scarf {repulsion}
rCorr   +          Rampage  .   P - +2 pair of gloves {Stlth+}
Will    +....      Clarity  +   (no boots)
Stlth   ..........              v - amulet of faith
HPRegen 1.23/turn               o - +4 ring of slaying
MPRegen 0.15/turn               D - +4 ring of protection

@: berserking, hasted, studying Stealth, repel missiles, very quick
A: (nimble swimmer 2), mertail, fangs 1, horns 2, iridescent scales 1, clarity,
cold resistance 3, deterioration 1, sense surroundings 1, regeneration 1,
electricity resistance, strong 2, wild magic 1, MP-powered wands, noise
suppression
a: Renounce Religion


You were in the Desolation of Salt.
You worshipped Xom.
You were a plaything of Xom.
You visited 4 branches of the dungeon, and saw 24 of its levels.
You also visited: Gauntlet and Desolation.

You collected 4485 gold pieces.
You spent 813 gold pieces at shops.

Inventory:

Hand Weapons
 a - a +9 long sword of venom (weapon)
 b - a +2 dagger of electrocution
 j - a +4 long sword of chaos
 R - the +7 falchion "Moegon" {vorpal, rPois rF+ rCorr Str+4}
   (You found it on level 14 of the Dungeon)

   It inflicts extra damage upon your enemies.
   Str:       It affects your strength (+4).
   rF:        It protects you from fire.
   rPois:     It protects you from poison.
   rCorr:     It protects you from acid and corrosion.
Missiles
 w - 8 curare-tipped darts
 z - 4 throwing nets
 O - 3 javelins (quivered)
 Q - 6 silver javelins
 U - 17 boomerangs
Armour
 h - the +0 helmet "Paingyll" {rN+ Int-2 Dex+10}
   (You found it in a Gauntlet)

   Int:       It affects your intelligence (-2).
   Dex:       It affects your dexterity (+10).
   rN:        It protects you from negative energy.
 r - +0 acid dragon scales (worn)
 L - a scarf of repulsion (worn)
 P - a +2 pair of gloves of stealth (worn)
 Y - the +4 ring mail of Greed {rPois rN+ Int+3}
   (You bought it in a shop on level 2 of the Orcish Mines)

   Int:       It affects your intelligence (+3).
   rPois:     It protects you from poison.
   rN:        It protects you from negative energy.
Jewellery
 e - a +4 ring of evasion
 o - a +4 ring of slaying (left hand)
 v - an amulet of faith (around neck)
 D - a +4 ring of protection (right hand)
 I - a ring of protection from fire
 X - a ring of see invisible
Wands
 u - a wand of polymorph (13)
 F - a wand of flame (25)
 H - a wand of digging (8)
 T - a wand of iceblast (15)
Scrolls
 d - a scroll of blinking
 f - 2 scrolls of silence
 i - 3 scrolls of teleportation
 l - 5 scrolls of fog
 n - 2 scrolls of magic mapping
 q - 3 scrolls of enchant weapon
 s - a scroll of summoning
 t - a scroll of torment
 x - 4 scrolls of holy word
 y - 5 scrolls of amnesia
 J - 2 scrolls of brand weapon
 K - 4 scrolls of vulnerability
 M - 2 scrolls of enchant armour
 S - a scroll of fear
Potions
 c - 4 potions of attraction
 g - a potion of might
 k - a potion of lignification
 m - 5 potions of flight
 p - 2 potions of brilliance
 A - 5 potions of mutation
 B - 3 potions of magic
 C - a potion of curing
 E - 2 potions of berserk rage
 W - a potion of ambrosia
Miscellaneous
 N - a phantom mirror (inert)
 V - a box of beasts
 Z - a condenser vane


   Skills:
 + Level 14.8 Fighting
 * Level 18.2 Long Blades
 + Level 13.7 Throwing
 - Level 1.0 Armour
 + Level 17.5 Dodging
 + Level 17.9 Stealth


You had 15 spell levels left.
You didn't know any spells.
Your spell library contained the following spells:

 Spells                   Type           Power      Damage    Failure   Level
 Animate Skeleton         Necr           0%         N/A       58%         1
 Apportation              Tloc           0%         N/A       58%         1
 Beastly Appendage        Tmut           0%         N/A       58%         1
 Pain                     Necr           0%         1d4       58%         1
 Slow                     Hex            0%         N/A       58%         1
 Summon Small Mammal      Summ           0%         N/A       58%         1
 Static Discharge         Conj/Air       0%         N/A       73%         2
 Sublimation of Blood     Necr           0%         N/A       73%         2
 Wereblood                Tmut           0%         N/A       73%         2
 Call Canine Familiar     Summ           0%         N/A       90%         3
 Confusing Touch          Hex            0%         N/A       90%         3
 Conjure Flame            Conj/Fire      0%         6-21      90%         3
 Dazzling Flash           Conj/Hex       0%         N/A       90%         3
 Frozen Ramparts          Ice            0%         1d2       90%         3
 Ignite Poison            Fire/Tmut/Pois 0%         N/A       90%         3
 Inner Flame              Hex/Fire       0%         N/A       90%         3
 Mephitic Cloud           Conj/Pois/Air  0%         N/A       90%         3
 Ozocubu's Armour         Ice            0%         N/A       90%         3
 Portal Projectile        Hex/Tloc       0%         N/A       90%         3
 Spider Form              Tmut/Pois      0%         N/A       90%         3
 Vampiric Draining        Necr           0%         2d6       90%         3
 Airstrike                Air            0%         N/A       100%        4
 Cause Fear               Hex            0%         N/A       100%        4
 Flame Wave               Conj/Fire      0%         2d4       100%        4
 Hailstorm                Conj/Ice       0%         3d3       100%        4
 Ice Form                 Ice/Tmut       0%         N/A       100%        4
 Iskenderun's Mystic Bla  Conj/Tloc      0%         2d3       100%        4
 Leda's Liquefaction      Hex/Erth       0%         N/A       100%        4
 Petrify                  Tmut/Erth      0%         N/A       100%        4
 Sticky Flame             Conj/Fire      0%         2d3       100%        4
 Summon Lightning Spire   Summ/Air       0%         N/A       100%        4
 Agony                    Necr           0%         N/A       100%        5
 Excruciating Wounds      Necr           0%         N/A       100%        5
 Freezing Cloud           Conj/Ice/Air   0%         6-21      100%        5
 Irradiate                Conj/Tmut      0%         3d13      100%        5
 Iskenderun's Battlesphe  Conj           0%         2d6       100%        5
 Lightning Bolt           Conj/Air       0%         1d11      100%        5
 Metabolic Englaciation   Hex/Ice        0%         N/A       100%        5
 Simulacrum               Ice/Necr       0%         N/A       100%        6
 Starburst                Conj/Fire      0%         6d3       100%        6
 Statue Form              Tmut/Erth      0%         N/A       100%        6
 Dragon Form              Tmut           0%         N/A       100%        7
 Ozocubu's Refrigeration  Ice            0%         4d5       100%        7
 Spellforged Servitor     Conj/Summ      0%         N/A       100%        7
 Discord                  Hex            0%         N/A       100%        8
 Maxwell's Capacitive Co  Air            0%         ∞         100%        8
 Dragon's Call            Summ           0%         N/A       100%        9
 Fire Storm               Conj/Fire      0%         5d1       100%        9
 Polar Vortex             Ice            0%         N/A       100%        9


Dungeon Overview and Level Annotations

Branches:
Dungeon (15/15)            Temple (0/1) D:7            Lair (6/6) D:10
 Shoals (0/4) Lair:2        Snake (0/4) Lair:3        Slime (0/5) Lair:6
    Orc (2/2) D:12            Elf (1/3) Orc:2        Vaults (0/5) D:14
 Depths (0/4) D:15        Desolation (1/1)          Gauntlet (visited)

Altars:
Elyvilon
Gozag
Hepliaklqana
Makhleb
Sif Muna
Uskayaw
Vehumet
Wu Jian
Xom
Beogh
Jiyva

Shops:
D:1 [   D:5 *   D:6 !   D:9 *   D:15 :*   Orc:2 :[(=

Annotations:
D:6 2 runed translucent doors, QuickerDeath's ghost, novice FeDe
Lair:4 exclusion: hydra
Lair:6 2 transporters, initializr's ghost, journeyman DsEE


Innate Abilities, Weirdness & Mutations

((You are very nimble when in or above water. (Stealth+, EV+, Speed+++)))
Your lower body shifts to a powerful aquatic tail in water.
You have very sharp teeth.
You have a pair of horns on your head.
You are partially covered in iridescent scales. (AC +2)
You possess an exceptional clarity of mind.
Your flesh is almost immune to the effects of cold. (rC+++)
Your body sometimes deteriorates upon taking damage.
You passively map a small area around you.
Your natural rate of healing is unusually fast.
You are resistant to electric shocks. (rElec)
Your muscles are very strong. (Str +4)
Your spells are a little harder to cast, but a little more powerful.
You expend magic power (3 MP) to strengthen your wands.
You passively dampen the noise of your surroundings.


Message History

The saltling hits you!
* * * LOW HITPOINT WARNING * * *
The saltling misses you. The saltling completely misses you.
The ragged hierophant completely misses you.
The saltling misses you.
The saltling hits you but does no damage.
You feel better.
Xom does a drum roll.
You hear a shout!
You hear a roar!
You hear a shout!
The saltling hits you!
* * * LOW HITPOINT WARNING * * *
A guardian serpent comes into view.
The saltling misses you.
A saltling comes into view.
As you read the scroll of fear, it crumbles to dust.
You assume a fearsome visage.
The ragged hierophant looks frightened!
The saltling is unaffected. x5; The guardian serpent looks frightened!
The saltling is unaffected. "Hum-dee-hum-dee-hum..."
The guardian serpent suddenly seems more resistant.
The saltling closely misses you. The saltling hits you!
* * * LOW HITPOINT WARNING * * *
The saltling closely misses you.
Okay, then.
Unknown command.
Okay, then.
A red film seems to cover your vision as you go berserk!
You feel yourself moving faster!
You feel mighty!
The saltling completely misses you. x2; The saltling barely misses you.
A servant of whispers comes into view. It is wielding a +0 spear.
The saltling completely misses you.
You slash the saltling! Your bite misses the saltling.
The saltling is moderately damaged.
A saltling comes into view.
The saltling hits you!
* * * LOW HITPOINT WARNING * * *
Xom roars with laughter!
The saltling hits you.
You die...
Xom titters!

, , ,, ,
###############
,
###############
...............
.............§.
,,
............§..
, ,
...........§§§#
.......9..§§§§.,
,
......9@9.§§§..
,
.......9..§§#..
, ,
......#..9..§§§
....a.........§
* , .....
......9..
...............
* ....
.........a , ,
.♣...........9.
, ,


You could see a ragged hierophant (fleeing, extremely poisoned), a servant of
whispers and 7 saltlings.

Vanquished Creatures
  Jorgrun (D:14)
  An orc warlord (Orc:2)
  Nessos (D:14)
  2 halazid warlocks (Desolation)
  2 minotaurs
  An entropy weaver (Lair:6)
  A ragged hierophant (Elf:1)
  A peacekeeper (Desolation)
  A rakshasa (D:14)
  5 boulder beetles
  2 servants of whispers (Desolation)
  An anaconda (D:12)
  Harold (Lair:2)
  8 hydras
  5 centaur warriors
  2 dancing weapons
  8 two-headed ogres
  7 death yaks (Lair:6)
  2 death knights (D:15)
  2 tengu warriors
  3 orc high priests (Orc:2)
  Nergalle (D:12)
  A deep elf knight (Elf:1)
  2 skeletal warriors (D:15)
  2 golden dragon zombies (D:15)
  Lodul (D:14)
  A fire crab (shapeshifter) (D:13)
  A deep elf archer (Elf:1)
  2 swamp dragons (Lair:6)
  A wizard (D:10)
  3 ironbound convokers
  2 orc knights (Orc:2)
  2 deep elf pyromancers (Elf:1)
  An oklob plant (Lair:3)
  4 cyclopes
  20 ugly things
  4 orc sorcerers
  A manticore (D:11)
  5 elephants
  A black mamba (Lair:4)
  A black mamba (shapeshifter) (D:15)
  A frost giant skeleton (D:15)
  A fire giant skeleton (D:15)
  3 torpor snails
  An unseen horror (D:10)
  11 cane toads
  An unseen horror (shapeshifter) (D:13)
  10 komodo dragons
  12 yaktaurs (D:15)
  6 rime drakes
  A freezing wraith (D:15)
  3 tengu conjurers
  An ice devil (Gauntlet)
  11 trolls
  A polar bear (Lair:2)
  A hornet (D:9)
  9 slime creatures
  14 blink frogs
  14 saltlings
  11 dream sheep
  A raiju (shapeshifter) (Lair:2)
  A shapeshifter (Lair:5)
  A shadow (D:10)
  4 wyverns
  28 yaks
  A vampire (D:11)
  A hog (shapeshifter) (D:1)
  3 basilisks
  A hog (D:9)
  A human (shapeshifter) (D:13)
  4 steam dragons
  12 vampire mosquitoes
  4 acid dragons
  10 wargs
  4 nagas (Lair:3)
  8 water moccasins
  A swamp drake (Lair:6)
  27 orc warriors
  An ice beast (D:6)
  12 ogres
  A boggart (Lair:6)
  20 centaurs
  8 wolves
  2 phantoms
  A kobold brigand (D:10)
  9 bullfrogs
  2 gnoll sergeants
  9 necrophages
  4 wights
  4 scorpions
  5 killer bees (D:10)
  5 howler monkeys
  5 electric eels
  3 vampire bats (Lair:5)
  2 gnoll shamans
  6 hounds
  15 orc priests
  2 jellies
  6 iguanas
  13 orc wizards
  19 gnolls
  5 adders
  5 white imps
  3 worms
  60 orcs
  12 bats
  7 endoplasms
  7 giant cockroaches
  6 goblins
  6 hobgoblins
  7 jackals
  9 kobolds
  5 quokkas
  6 ball pythons
  3 frilled lizards
  7 rats
639 creatures vanquished.

Vanquished Creatures (collateral kills)
  Erolcha (D:13)
  A dancing weapon (D:14)
  2 skeletal warriors (D:15)
  A deep elf pyromancer (D:13)
  A yaktaur (D:15)
  A wyvern (D:10)
  2 vampire mosquitoes (D:13)
  2 orc warriors
  A black bear (D:7)
  An ogre (Orc:1)
  A kobold brigand (D:8)
  A wight (D:8)
  A howler monkey (D:7)
  A hound (D:5)
  An orc priest (Orc:1)
  2 orcs (Orc:2)
  4 kobolds (D:8)
24 creatures vanquished.

Vanquished Creatures (others)
  5 dancing weapons
  A vampire mage (D:15)
  A necromancer (D:15)
  A yaktaur (D:15)
  3 yaks (Lair:1)
  2 wyverns (D:10)
  An ice beast (D:6)
  2 centaurs (D:10)
  An orc wizard (Orc:2)
  A gnoll (D:5)
  44 fungi
  87 plants
  11 withered plants (D:15)
160 creatures vanquished.

Grand Total: 823 creatures vanquished

Notes
Turn   | Place    | Note
-------+----------+-------------------------------------------
     0 | D:1      | Anon1729 the Merfolk Monk began the quest for the Orb.
     0 | D:1      | Reached XP level 1. HP: 18/18 MP: 1/1
   115 | D:1      | Reached XP level 2. HP: 7/24 MP: 2/2
   355 | D:1      | Found Umokhli's Armour Boutique.
   656 | D:1      | Found a faded altar of an unknown god.
   663 | D:1      | Prayed at the altar of an unknown god.
   663 | D:1      | Became a worshipper of Xom the Fickle
   788 | D:1      | XOM: silly message
   864 | D:1      | XOM: enchant monster (bad)
   909 | D:1      | XOM: noise
   915 | D:1      | Reached skill level 4 in Long Blades
   915 | D:1      | XOM: divination: magic mapping
  1050 | D:1      | Reached XP level 3. HP: 27/29 MP: 3/3
  1591 | D:2      | XOM: scenery: 1 doors open
  1708 | D:2      | Noticed a shapeshifter
  1708 | D:2      | a hobgoblin changed into a shapeshifter
  1708 | D:2      | XOM: polymorph hobgoblin -> shapeshifter
  1708 | D:2      | Noticed a spriggan
  1708 | D:2      | a shapeshifter changed into a spriggan
  1727 | D:1      | Noticed a hog
  1727 | D:1      | a spriggan changed into a hog
  1729 | D:1      | Killed a hog
  1730 | D:1      | Reached skill level 5 in Dodging
  1730 | D:1      | Reached XP level 4. HP: 18/38 MP: 4/4
  1730 | D:1      | Reached XP level 5. HP: 20/43 MP: 5/5
  2029 | D:2      | XOM: scenery: summon butterflies
  2131 | D:3      | XOM: torment (23/43 hp)
  2536 | D:3      | Found a shimmering blue altar of Sif Muna.
  2590 | D:3      | Found an opulent altar of Gozag.
  2595 | D:3      | Found a radiant altar of Vehumet.
  3025 | D:4      | XOM: 7-stop teleportation journey
  3035 | D:4      | Reached skill level 5 in Long Blades
  3035 | D:4      | Reached XP level 6. HP: 49/49 MP: 6/6
  3061 | D:4      | XOM: god gift: +1 falchion of chaos
  3211 | D:4      | XOM: god gift: 902 gold pieces
  3402 | D:4      | Reached skill level 5 in Fighting
  3563 | D:4      | Reached XP level 7. HP: 56/56 MP: 7/7
  3586 | D:5      | Entered Level 5 of the Dungeon
  3622 | D:5      | XOM: smoke on damage
  3805 | D:4      | XOM: scenery: summon butterflies
  3815 | D:4      | XOM: give mutations
  3815 | D:4      | Gained mutation: You are dopey. (Int -2) [Xom's mischief]
  3815 | D:4      | Gained mutation: You are partially covered in iridescent
                  | scales. (AC +2) [Xom's mischief]
  3815 | D:4      | Gained mutation: Armour fits poorly on your strangely
                  | shaped body. [Xom's mischief]
  3815 | D:4      | Gained mutation: You are frail. (-10% HP) [Xom's mischief]
  3817 | D:5      | XOM: potion effect (might)
  3818 | D:5      | XOM: chaos upgrade
  4139 | D:5      | Reached skill level 5 in Stealth
  4318 | D:5      | XOM: cleaving
  4327 | D:5      | Reached skill level 6 in Long Blades
  4515 | D:5      | XOM: cast spell 'Summon Cactus Giant'
  4609 | D:5      | Reached XP level 8. HP: 39/57 MP: 8/8
  4847 | D:5      | XOM: enchant monster (good)
  4904 | D:5      | XOM: god gift: scroll labelled SOLYUF PODE {god gift}
  4911 | D:5      | Identified a scroll of acquirement
  5009 | D:5      | XOM: potion effect (invisibility)
  5011 | D:5      | XOM: smoke on damage
  5035 | D:5      | Found Xebyofux's Serpentskin Sales.
  5119 | D:5      | XOM: god gift: 54 gold pieces
  5258 | D:6      | XOM: divination: detect creatures
  5277 | D:5      | Reached skill level 7 in Long Blades
  5490 | D:6      | XOM: confuse monster(s)
  5495 | D:6      | XOM: scenery: create altars
  5500 | D:6      | XOM: fake destruction
  5645 | D:6      | Found a runed translucent door.
  5646 | D:6      | Noticed QuickerDeath's ghost (novice FeDe)
  5664 | D:6      | Found a runed translucent door.
  5690 | D:6      | XOM: divine lightning
  5801 | D:6      | Found Nisealo's Distillery.
  5808 | D:6      | Bought a potion of degeneration for 13 gold pieces
  5808 | D:6      | Bought a potion of mutation for 104 gold pieces
  5808 | D:6      | Bought a potion of magic for 104 gold pieces
  5808 | D:6      | Bought a potion of curing for 39 gold pieces
  5833 | D:6      | XOM: scenery: summon butterflies
  6137 | D:6      | Reached XP level 9. HP: 50/63 MP: 9/9
  6474 | D:6      | XOM: silly message
  6671 | D:7      | Found a hazy altar of Hepliaklqana.
  6711 | D:7      | XOM: silly message
  6805 | D:7      | Noticed Joseph
  6817 | D:7      | Noticed Joseph
  6817 | D:7      | Joseph changed into Joseph the rime drake
  6818 | D:7      | XOM: divination: detect creatures
  6828 | D:7      | XOM: give mutations
  6828 | D:7      | Gained mutation: You possess an exceptional clarity of
                  | mind. [Xom's mischief]
  6828 | D:7      | Lost mutation: You are partially covered in iridescent
                  | scales. (AC +2) [Xom's mischief]
  6828 | D:7      | Gained mutation: You are weak. (Str -2) [Xom's mischief]
  6831 | D:7      | Killed Joseph the rime drake
  6832 | D:7      | Reached skill level 8 in Long Blades
  6848 | D:7      | XOM: confuse monster(s)
  6856 | D:7      | XOM: cast spell 'Olgreb's Toxic Radiance'
  6868 | D:7      | XOM: polymorph ice beast -> acid dragon
  6874 | D:7      | XOM: summons friendly quasit
  6878 | D:7      | XOM: fog
  6967 | D:6      | XOM: noise
  7126 | D:7      | XOM: 3-stop teleportation journey
  7378 | D:7      | XOM: fog
  7615 | D:7      | XOM: summons 6 friendly demons
  7653 | D:7      | You fall into a shaft and drop 2 floors!
  7653 | D:9      | XOM: enchant monster (good)
  7668 | D:9      | XOM: give mutations
  7668 | D:9      | Gained mutation: Your flesh is cold resistant. (rC+) [Xom's
                  | grace]
  7668 | D:9      | Gained mutation: Your movements are slightly less
                  | encumbered by armour. (ER -2) [Xom's grace]
  7668 | D:9      | Gained mutation: Your flesh is heat resistant. (rF+) [Xom's
                  | grace]
  7885 | D:9      | XOM: potion effect (curing)
  7892 | D:9      | Noticed a hornet
  7892 | D:9      | an orc warrior changed into a hornet
  7892 | D:9      | XOM: destruction
  7897 | D:9      | Killed a hornet
  8073 | D:9      | XOM: scenery: 1 doors open, 1 doors close
  8124 | D:9      | XOM: summons 2 friendly demons
  8203 | D:8      | XOM: summons 7 friendly demons
  8215 | D:8      | XOM: enchant monster (good)
  8448 | D:8      | XOM: fog
  8452 | D:9      | XOM: cloud trail
  8511 | D:8      | Reached skill level 9 in Long Blades
  8520 | D:8      | Reached XP level 10. HP: 57/72 MP: 10/10
  8658 | D:8      | XOM: confuse monster(s)
  8708 | D:8      | Found a hide-covered altar of Uskayaw.
  8708 | D:8      | Noticed a +0 dagger
  8708 | D:8      | Noticed a +0 dagger
  8726 | D:8      | Reached skill level 10 in Dodging
  8910 | D:8      | XOM: give mutations
  8910 | D:8      | Lost mutation: You are dopey. (Int -2) [Xom's mischief]
  8910 | D:8      | Lost mutation: You possess an exceptional clarity of mind.
                  | [Xom's mischief]
  8969 | D:8      | XOM: scenery: create altars
  9243 | D:8      | XOM: give mutations
  9243 | D:8      | Gained mutation: Your spells are a little harder to cast,
                  | but a little more powerful. [Xom's grace]
  9243 | D:8      | Gained mutation: Your flesh is very cold resistant. (rC++)
                  | [Xom's grace]
  9243 | D:8      | Lost mutation: You are weak. (Str -2) [Xom's grace]
  9243 | D:8      | Gained mutation: You have sharp fingernails. [Xom's grace]
  9299 | D:7      | XOM: polymorph gnoll -> iguana
  9301 | D:7      | Paralysed by an orc for 5 turns
  9311 | D:7      | XOM: 1-stop teleportation journey
  9442 | D:7      | XOM: butterfly on damage
  9655 | D:7      | Found an ornate altar of the Wu Jian Council.
  9734 | D:7      | XOM: cloud trail
  9873 | D:7      | Found a staircase to the Ecumenical Temple.
  9936 | D:9      | XOM: confuse monster(s)
  9942 | D:9      | XOM: repel stairs
  9977 | D:8      | XOM: summons 2 hostile demons
 10112 | D:8      | XOM: summons 2 hostile shadow creatures
 10147 | D:9      | Found Wuoc's Neck Hole.
 10153 | D:9      | Bought a scarf of repulsion for 144 gold pieces
 10203 | D:9      | Found a white marble altar of Elyvilon.
 10270 | D:9      | XOM: blink monster(s)
 10297 | D:9      | XOM: polymorph yak -> hog
 10303 | D:9      | XOM: noise
 10715 | D:10     | Entered Level 10 of the Dungeon
 10725 | D:10     | XOM: 1-stop teleportation journey
 10733 | D:10     | XOM: swap monsters
 10864 | D:10     | Found a staircase to the Lair.
 10871 | D:10     | XOM: scenery: create altars
 10880 | D:10     | XOM: blink monster(s)
 10885 | D:10     | Found a burning altar of Makhleb.
 10885 | D:10     | XOM: 1-stop teleportation journey
 11229 | D:10     | XOM: summons 4 hostile shadow creatures
 11232 | D:10     | Noticed a four-headed hydra
 11234 | D:10     | Noticed a brown ugly thing
 11247 | D:10     | XOM: draining
 11253 | D:10     | Reached skill level 10 in Long Blades
 11256 | D:10     | Noticed a two-headed ogre
 11264 | D:10     | Killed a purple ugly thing
 11268 | D:10     | Noticed a wizard
 11269 | D:10     | XOM: silly message
 11269 | D:10     | Killed a two-headed ogre
 11269 | D:10     | Killed a five-headed hydra
 11269 | D:10     | Killed a wizard
 11270 | D:10     | Reached skill level 10 in Fighting
 11270 | D:10     | Reached skill level 10 in Stealth
 11270 | D:10     | Reached XP level 11. HP: 81/81 MP: 11/11
 11449 | D:10     | Reached skill level 11 in Long Blades
 11749 | D:10     | XOM: 6-stop teleportation journey
 11792 | D:10     | XOM: swap monsters
 11939 | D:10     | XOM: god gift: wand of acid (7)
 12029 | D:10     | XOM: summons 2 friendly demons
 12036 | D:10     | XOM: polymorph crimson imp -> crimson imp
 12080 | D:10     | XOM: god gift: book of Spectacle
 12157 | D:10     | XOM: scenery: create altars
 12377 | D:10     | XOM: give mutations
 12377 | D:10     | Gained mutation: Your mind is acute. (Int +2) [Xom's grace]
 12377 | D:10     | Gained mutation: You possess an exceptional clarity of
                  | mind. [Xom's grace]
 12377 | D:10     | Gained mutation: Your muscles are strong. (Str +2) [Xom's
                  | grace]
 12597 | D:10     | XOM: silly message
 12751 | D:10     | XOM: 1-stop teleportation journey
 12792 | Lair:1   | Entered Level 1 of the Lair of Beasts
 12849 | Lair:1   | XOM: cast spell 'Metabolic Englaciation'
 12850 | Lair:1   | XOM: summons friendly crimson imp
 12864 | Lair:1   | XOM: divination: magic mapping
 12917 | Lair:1   | XOM: polymorph crimson imp -> iron imp
 13106 | Lair:1   | XOM: summons friendly crimson imp
 13112 | Lair:1   | XOM: 3-stop teleportation journey
 13116 | Lair:1   | XOM: divination: detect creatures
 13121 | Lair:1   | XOM: summons 4 friendly demons
 13123 | Lair:1   | XOM: polymorph quasit -> white imp
 13131 | Lair:1   | XOM: divine lightning
 13154 | Lair:1   | XOM: blink monster(s)
 13195 | Lair:1   | Reached skill level 1 in Armour
 13592 | Lair:1   | XOM: 3-stop teleportation journey
 13886 | Lair:2   | XOM: fog
 13888 | Lair:2   | XOM: 2-stop teleportation journey
 13889 | Lair:2   | Found a staircase to the Shoals.
 13892 | Lair:2   | XOM: divine lightning
 14227 | Lair:2   | XOM: noise
 14240 | Lair:2   | XOM: fake destruction
 14244 | Lair:2   | Reached XP level 12. HP: 40/89 MP: 12/12
 14266 | Lair:2   | XOM: noise
 14307 | Lair:2   | XOM: 1-stop teleportation journey
 14308 | Lair:2   | XOM: enchant monster (good)
 14482 | Lair:1   | XOM: scenery: create altars
 14502 | Lair:2   | XOM: scenery: create altars
 14521 | Lair:1   | Reached skill level 12 in Long Blades
 14523 | Lair:2   | XOM: polymorph rime drake -> shapeshifter
 14556 | Lair:2   | XOM: scenery: create altars
 14923 | Lair:2   | XOM: polymorph bullfrog -> ogre
 14925 | Lair:2   | XOM: enchant monster (bad)
 14926 | Lair:2   | XOM: summons 2 hostile shadow creatures
 14931 | Lair:2   | XOM: blink monster(s)
 15141 | Lair:2   | XOM: summons 4 hostile shadow creatures
 15165 | Lair:2   | XOM: summons 3 hostile demons
 15197 | Lair:1   | XOM: torment (12/90 hp)
 15321 | Lair:1   | XOM: stat loss: -1 Str (12/13)
 15582 | Lair:2   | XOM: summons 7 hostile demons
 15633 | Lair:2   | XOM: summons friendly white imp
 15634 | Lair:2   | XOM: fog
 15640 | Lair:2   | XOM: fog
 15641 | Lair:2   | XOM: scenery: create altars
 15652 | Lair:2   | XOM: divination: detect creatures
 15656 | Lair:2   | XOM: potion effect (haste)
 16063 | Lair:2   | XOM: god gift: 6 gold pieces
 16102 | Lair:2   | XOM: give mutations
 16102 | Lair:2   | Lost mutation: Your mind is acute. (Int +2) [Xom's
                  | mischief]
 16102 | Lair:2   | Lost mutation: Your muscles are strong. (Str +2) [Xom's
                  | mischief]
 16102 | Lair:2   | Gained mutation: Your body sometimes deteriorates upon
                  | taking damage. [Xom's mischief]
 16190 | Lair:2   | XOM: 1-stop teleportation journey
 16298 | Lair:2   | Noticed Harold
 16308 | Lair:2   | XOM: enchant monster (bad)
 16313 | Lair:2   | Killed Harold
 16634 | Lair:3   | XOM: 1-stop teleportation journey
 16644 | Lair:3   | XOM: enchant monster (good)
 16659 | Lair:3   | Found a gate leading to a gauntlet.
 16659 | Lair:3   | XOM: destruction
 16668 | Lair:3   | XOM: enchant monster (bad)
 16672 | Gauntlet | Entered a Gauntlet
 16672 | Gauntlet | Noticed a soul eater
 16672 | Gauntlet | Found a transporter.
 16672 | Gauntlet | Found a transporter.
 16672 | Gauntlet | Found a runed translucent gate.
 16672 | Gauntlet | Found a runed translucent gate.
 16673 | Gauntlet | Found a runed translucent gate.
 16676 | Gauntlet | Found a transporter.
 16676 | Gauntlet | Found a transporter.
 16781 | Gauntlet | XOM: summons 1 hostile demon
 16814 | Gauntlet | Found a transporter.
 16822 | Gauntlet | Found a transporter.
 16826 | Gauntlet | Found a transporter.
 16834 | Gauntlet | Noticed a four-headed hydra
 16836 | Gauntlet | Found a transporter.
 16854 | Gauntlet | Found a transporter.
 16871 | Gauntlet | Found a transporter.
 16875 | Gauntlet | Found a transporter.
 16883 | Gauntlet | Found a transporter.
 17172 | Gauntlet | Identified the +0 helmet "Paingyll" {rN+ Int-2 Dex+10}
 17199 | Gauntlet | Noticed a minotaur
 17216 | Gauntlet | Killed a minotaur
 17479 | Gauntlet | Got the Tome of Congealing Air
 17530 | Lair:3   | XOM: enchant monster (good)
 17531 | Lair:3   | XOM: summons 2 hostile shadow creatures
 17544 | Lair:3   | XOM: divination: detect items
 17567 | Lair:3   | Found an ornate altar of the Wu Jian Council.
 17567 | Lair:3   | Found a hide-covered altar of Uskayaw.
 17567 | Lair:3   | Noticed a boulder beetle
 17567 | Lair:3   | XOM: 2-stop teleportation journey
 17589 | Lair:3   | Killed a boulder beetle
 17591 | Lair:3   | XOM: 3-stop teleportation journey
 17642 | Lair:3   | XOM: summons 2 hostile demons
 18005 | Lair:3   | Found a staircase to the Snake Pit.
 18013 | Lair:3   | XOM: chaos upgrade
 18067 | Lair:3   | XOM: noise
 18111 | Lair:3   | Reached skill level 13 in Long Blades
 18219 | Lair:3   | XOM: summons friendly quasit
 18222 | Lair:3   | XOM: summons 7 friendly demons
 18277 | Lair:3   | XOM: fog
 18321 | Lair:3   | XOM: 2-stop teleportation journey
 18420 | Lair:3   | XOM: summons 1 hostile shadow creature
 18449 | Lair:3   | XOM: silly message
 18781 | Lair:4   | XOM: scenery: 2 fountains blood, 1 doors open
 18911 | Lair:4   | XOM: give mutations
 18911 | Lair:4   | Gained mutation: Your natural rate of healing is unusually
                  | fast. [Xom's grace]
 18911 | Lair:4   | Gained mutation: Your muscles are strong. (Str +2) [Xom's
                  | grace]
 18911 | Lair:4   | Gained mutation: Your flesh is almost immune to the effects
                  | of cold. (rC+++) [Xom's grace]
 18911 | Lair:4   | Gained mutation: Your mind is acute. (Int +2) [Xom's grace]
 19080 | Lair:4   | Noticed a six-headed hydra
 19146 | Lair:4   | Noticed a five-headed hydra
 19149 | Lair:4   | XOM: scenery: summon butterflies
 19153 | Lair:4   | XOM: 1-stop teleportation journey
 19247 | D:11     | Noticed a centaur warrior
 19263 | D:11     | XOM: chaos upgrade
 19269 | D:11     | Killed a centaur warrior
 19270 | D:11     | Reached XP level 13. HP: 97/97 MP: 13/13
 19295 | D:11     | XOM: 2-stop teleportation journey
 19298 | D:11     | XOM: noise
 19299 | D:11     | XOM: 1-stop teleportation journey
 19361 | D:11     | XOM: cleaving
 19370 | D:11     | Identified the +2 glaive "Xyged" {pain, Int+6}
 19388 | D:11     | XOM: 2-stop teleportation journey
 19552 | D:11     | XOM: stat loss: -1 Str (12/13)
 19745 | D:11     | XOM: give mutations
 19745 | D:11     | Lost mutation: You have sharp fingernails. [Xom's mischief]
 19745 | D:11     | Lost mutation: Your flesh is heat resistant. (rF+) [Xom's
                  | mischief]
 19745 | D:11     | Lost mutation: Your mind is acute. (Int +2) [Xom's
                  | mischief]
 19745 | D:11     | Lost mutation: Armour fits poorly on your strangely shaped
                  | body. [Xom's mischief]
 20054 | D:11     | Acquired 1106 gold pieces
 20056 | D:11     | Acquired a manual of Throwing
 20104 | D:12     | Found a staircase to the Orcish Mines.
 20136 | D:12     | Reached skill level 1 in Throwing
 20274 | D:12     | XOM: polymorph slime creature -> anaconda
 20289 | Orc:1    | Entered Level 1 of the Orcish Mines
 20376 | Orc:2    | Entered Level 2 of the Orcish Mines
 20433 | Orc:1    | XOM: summons 7 hostile demons
 20453 | Orc:1    | XOM: give mutations
 20453 | Orc:1    | Gained mutation: You passively map a small area around you.
                  | [Xom's grace]
 20453 | Orc:1    | Gained mutation: You are strong-willed. (Will+) [Xom's
                  | grace]
 20453 | Orc:1    | Gained mutation: You are resistant to electric shocks.
                  | (rElec) [Xom's grace]
 20453 | Orc:1    | Gained mutation: You passively map the area around you.
                  | [Xom's grace]
 20493 | Orc:2    | Found a staircase to the Elven Halls.
 20824 | D:10     | XOM: fog
 20908 | D:10     | XOM: god gift: leather armour {god gift}
 20977 | D:12     | XOM: potion effect (curing)
 21077 | D:12     | XOM: divination: magic mapping
 21081 | D:12     | Reached skill level 15 in Dodging
 21113 | D:12     | Noticed Nergalle
 21118 | D:12     | XOM: potion effect (haste)
 21131 | D:12     | Killed Nergalle
 21132 | D:12     | Reached skill level 14 in Long Blades
 21356 | D:12     | XOM: destruction
 21361 | D:12     | XOM: destruction
 21366 | D:12     | XOM: enchant monster (good)
 21421 | D:12     | XOM: give mutations
 21421 | D:12     | Gained mutation: Your muscles are very strong. (Str +4)
                  | [Xom's grace]
 21421 | D:12     | Gained mutation: You have a pair of small horns on your
                  | head. [Xom's grace]
 21421 | D:12     | Gained mutation: You are agile. (Dex +2) [Xom's grace]
 21423 | D:12     | XOM: summons friendly iron imp
 21426 | D:12     | XOM: scenery: summon butterflies
 21492 | D:12     | XOM: summons friendly shadow imp
 21517 | D:12     | XOM: enchant monster (good)
 21567 | D:12     | Reached skill level 5 in Throwing
 21723 | D:12     | XOM: give mutations
 21723 | D:12     | Gained mutation: You passively dampen the noise of your
                  | surroundings. [Xom's grace]
 21723 | D:12     | Lost mutation: You are frail. (-10% HP) [Xom's grace]
 21723 | D:12     | Gained mutation: You expend magic power (3 MP) to
                  | strengthen your wands. [Xom's grace]
 21827 | D:12     | XOM: divination: magic mapping
 21974 | D:13     | Noticed Erolcha
 21977 | D:13     | Killed Erolcha
 22154 | D:13     | XOM: scenery: 1 doors open, 1 doors close
 22264 | D:13     | XOM: scenery: 1 doors open, 1 doors close
 22271 | D:13     | Reached XP level 14. HP: 118/118 MP: 14/14
 22272 | D:13     | XOM: summons friendly shadow imp
 22576 | D:13     | XOM: divination: detect creatures
 22659 | D:13     | XOM: divination: magic mapping
 22738 | D:14     | XOM: potion effect (curing)
 22740 | D:14     | XOM: silly message
 22745 | D:14     | XOM: silly message
 22746 | D:14     | XOM: enchant monster (good)
 22757 | D:14     | XOM: destruction
 22758 | D:14     | XOM: 2-stop teleportation journey
 22785 | D:14     | Found a gate to the Vaults.
 22977 | D:14     | XOM: cast spell 'Summon Horrible Things'
 23013 | D:14     | Reached skill level 15 in Long Blades
 23114 | D:14     | XOM: divination: detect creatures
 23363 | D:14     | Found a radiant altar of Vehumet.
 23371 | D:14     | Noticed Nessos
 23371 | D:14     | Noticed Jorgrun
 23371 | D:14     | XOM: confuse monster(s)
 23371 | D:14     | Identified the +1 arbalest of the Tundras {penet, *Slow rC+
                  | Int+4 Dex+4}
 23385 | D:14     | Killed Jorgrun
 23405 | D:14     | XOM: 1-stop teleportation journey
 23527 | D:14     | XOM: 2-stop teleportation journey
 23537 | D:14     | XOM: scenery: create altars
 23557 | D:14     | XOM: divination: detect creatures
 23605 | D:14     | XOM: divine lightning
 23715 | D:14     | Noticed Lodul
 23724 | D:14     | XOM: chaos upgrade
 23726 | D:14     | XOM: cast spell 'Summon Mana Viper'
 23730 | D:14     | XOM: summons friendly iron imp
 23731 | D:14     | Reached skill level 15 in Stealth
 23747 | D:14     | XOM: chaos cloud
 23749 | D:14     | Paralysed by you for 4 turns
 23749 | D:14     | XOM: cleaving
 23750 | D:14     | Killed Lodul
 23751 | D:14     | XOM: divination: detect creatures
 23853 | D:14     | XOM: silly message
 23866 | D:14     | Killed Nessos
 23911 | D:14     | Identified the +7 falchion "Moegon" {vorpal, rPois rF+
                  | rCorr Str+4}
 23976 | D:14     | XOM: stat loss: -1 Int (9/10)
 23998 | D:14     | XOM: summons 8 hostile demons
 24085 | D:14     | XOM: summons 3 hostile shadow creatures
 24256 | D:14     | XOM: give mutations
 24256 | D:14     | Lost mutation: You passively map the area around you.
                  | [Xom's mischief]
 24256 | D:14     | Lost mutation: Your movements are slightly less encumbered
                  | by armour. (ER -2) [Xom's mischief]
 24256 | D:14     | Lost mutation: You are agile. (Dex +2) [Xom's mischief]
 24256 | D:14     | Lost mutation: You are strong-willed. (Will+) [Xom's
                  | mischief]
 24333 | D:14     | XOM: confuse monster(s)
 24854 | Lair:4   | Reached skill level 10 in Throwing
 24976 | Lair:4   | XOM: 6-stop teleportation journey
 25271 | Lair:5   | XOM: stealth player
 25395 | Lair:5   | XOM: potion effect (curing)
 25420 | Lair:5   | Reached skill level 16 in Long Blades
 25625 | Lair:5   | XOM: polymorph bullfrog -> shapeshifter
 25699 | Lair:5   | XOM: divination: magic mapping
 25745 | Lair:5   | XOM: enchant monster (good)
 25825 | Lair:5   | XOM: summons 2 hostile demons
 25909 | Lair:5   | XOM: divination: magic mapping
 26057 | Lair:6   | Entered Level 6 of the Lair of Beasts
 26140 | Lair:6   | XOM: polymorph dream sheep -> swamp dragon
 26164 | Lair:6   | Reached XP level 15. HP: 125/125 MP: 15/15
 26168 | Lair:6   | Identified the +1 pair of gloves "Olus" {Harm rN++ Int-5
                  | Slay+3} (Xom gifted it to you on level 6 of the Lair of
                  | Beasts)
 26168 | Lair:6   | XOM: god gift: +1 pair of gloves "Olus" {Harm rN++ Int-5
                  | Slay+3}
 26170 | Lair:6   | XOM: scenery: 1 doors open
 26225 | Lair:6   | XOM: give mutations
 26225 | Lair:6   | Gained mutation: You have a pair of horns on your head.
                  | [Xom's grace]
 26225 | Lair:6   | Gained mutation: You are partially covered in iridescent
                  | scales. (AC +2) [Xom's grace]
 26225 | Lair:6   | Gained mutation: You have very sharp teeth. [Xom's grace]
 26261 | Lair:6   | Found a transporter.
 26264 | Lair:6   | Found a transporter.
 26266 | Lair:6   | Noticed initializr's ghost (journeyman DsEE)
 26282 | Lair:6   | XOM: smoke on damage
 26320 | Lair:6   | XOM: 1-stop teleportation journey
 26332 | Lair:6   | XOM: cast spell 'Summon Mana Viper'
 26394 | Lair:6   | XOM: noise
 26418 | Lair:5   | XOM: summons friendly crimson imp
 26419 | Lair:5   | XOM: polymorph six-headed hydra -> minotaur
 26419 | Lair:5   | XOM: smoke on damage
 26424 | Lair:5   | XOM: summons friendly crimson imp
 26521 | Lair:6   | XOM: enchant monster (bad)
 26555 | Lair:6   | XOM: noise
 26569 | Lair:6   | XOM: scenery: summon butterflies
 26570 | Lair:6   | XOM: confuse monster(s)
 26575 | Lair:6   | XOM: swap monsters
 26774 | Lair:6   | Found a viscous altar of Jiyva.
 26775 | Lair:6   | Found a staircase to the Slime Pits.
 26887 | Lair:6   | XOM: summons 4 hostile shadow creatures
 27139 | Lair:6   | XOM: polymorph iguana -> boggart
 27162 | Lair:6   | XOM: scenery: summon butterflies
 27198 | Lair:6   | XOM: polymorph fire dragon -> entropy weaver
 27308 | Lair:6   | XOM: smoke on damage
 27395 | Lair:6   | XOM: summons 1 hostile demon
 27625 | Orc:2    | XOM: silly message
 27639 | Orc:2    | Found Heacvyuwn's General Store.
 27646 | Orc:2    | XOM: stat loss: -1 Int (9/10)
 27650 | Orc:2    | XOM: repel stairs
 27708 | Orc:2    | Found Cetiofyr's Antique Armour Emporium.
 27725 | Orc:2    | XOM: summons friendly white imp
 27974 | Orc:2    | Bought a shimmering ring mail for 234 gold pieces
 27974 | Orc:2    | Identified the +4 ring mail of Greed {rPois rN+ Int+3} (You
                  | bought it in a shop on level 2 of the Orcish Mines)
 27986 | Orc:2    | Noticed an orc warlord
 28001 | Orc:2    | XOM: fake destruction
 28037 | Orc:2    | Killed an orc warlord
 28085 | Orc:2    | Found Qedehaoq's Book Emporium.
 28090 | Orc:2    | XOM: summons 15 friendly demons
 28095 | Orc:2    | Reached skill level 17 in Long Blades
 28116 | Orc:2    | XOM: divination: detect items
 28273 | Orc:2    | XOM: cast spell 'Summon Dragon'
 28346 | Orc:2    | Found Nuosuahesh's Jewellery Shoppe.
 28375 | Orc:2    | XOM: cloud trail
 28379 | Orc:2    | Found Zaocen's Antique Weapon Shoppe.
 28778 | Orc:1    | You fall into a shaft and drop 1 floor!
 28962 | Orc:1    | XOM: cloud trail
 29117 | Orc:1    | XOM: god gift: Xom's Tome of Sharkskin {god gift}
 29118 | Orc:1    | Got Xom's Tome of Sharkskin {god gift}
 29155 | Orc:1    | XOM: cloud trail
 29322 | D:15     | Entered Level 15 of the Dungeon
 29332 | D:15     | XOM: confuse monster(s)
 29369 | D:15     | XOM: potion effect (invisibility)
 29377 | D:15     | XOM: enchant monster (good)
 29419 | D:15     | XOM: fog
 29426 | D:15     | XOM: god gift: +2 cloak of poison resistance
 29547 | D:15     | XOM: divination: detect creatures
 29655 | D:15     | XOM: enchant monster (bad)
 29683 | D:14     | XOM: noise
 29748 | D:15     | XOM: stat loss: -1 Int (8/10)
 29758 | D:15     | XOM: chaos upgrade
 29943 | D:15     | Found Tanenuts's Assorted Antiques.
 29953 | D:15     | Bought a glowing bone wand for 100 gold pieces
 29955 | D:15     | Bought a scroll of teleportation for 75 gold pieces
 29977 | D:15     | XOM: summons 6 hostile demons
 29996 | D:15     | XOM: summons friendly ufetubus
 29999 | D:15     | XOM: enchant monster (bad)
 30004 | D:15     | XOM: cast spell 'Call Canine Familiar'
 30005 | D:15     | Reached XP level 16. HP: 128/134 MP: 16/16
 30009 | D:15     | XOM: noise
 30020 | D:15     | XOM: stat loss: -1 Dex (21/24)
 30044 | D:15     | Found Zubexuso's Self-Improvement Boutique.
 30163 | D:15     | XOM: fog
 30168 | D:15     | XOM: enchant monster (bad)
 30168 | D:15     | Identified the +0 ring mail "Zopue" {Str-3 Dex+3}
 30179 | D:15     | XOM: destruction
 30201 | D:15     | Found a staircase to the Depths.
 30201 | D:15     | XOM: swap monsters
 30210 | D:15     | XOM: scenery: create altars
 30213 | D:15     | XOM: cast spell 'Summon Mana Viper'
 30509 | Elf:1    | Entered Level 1 of the Elven Halls
 30577 | Elf:1    | XOM: confuse monster(s)
 30610 | Elf:1    | Found a crumbling gateway.
 30629 | Elf:1    | Reached skill level 18 in Long Blades
 30647 | Desolati | Entered the Desolation of Salt
 30663 | Desolati | XOM: chaos upgrade
 30670 | Desolati | XOM: summons friendly ufetubus
 30676 | Desolati | XOM: summons 2 friendly demons
 30707 | Desolati | XOM: summons 9 hostile demons
 30834 | Desolati | XOM: god gift: 19 gold pieces
 30838 | Desolati | XOM: noise
 30871 | Desolati | XOM: enchant monster (bad)
 30885 | Desolati | XOM: noise
 30886 | Desolati | XOM: enchant monster (bad)
 30888 | Desolati | HP: 1/201 [saltling (14)]
 30888 | Desolati | Slain by a saltling

Illustrated notes

Levels and vault maps discovered:
D:1:      zaba_arrival_water, layout_basic, serial_shops, shop_statue,
          shapermc_ecumenical_altar_mp_ritualfount
D:2:      layout_basic
D:3:      layout_basic, nicolae_overflow_crystal_walls,
          grunt_temple_overflow_open
D:4:      layout_basic, minmay_hedge_maze, minmay_misc_feat_doors,
          grunt_decor_one_mirror, kennysheep_generic_room_14
D:5:      layout_loops_cross, ebering_dispersal_statue_hall, guppyfry_shop_venom
D:6:      layout_basic, ebering_ghost_sewer_f, serial_shops, shop
D:7:      layout_rooms, nicolae_hepliaklqana_hazy_memory,
          nzn_wu_jian_council_hall, minmay_temple_entry_fiery, serial_curves,
          eino_curves_02, eino_curves_02, hellmonk_bongcloud_opening,
          uniq_joseph
D:8:      layout_rooms, dancing_weapons_uskayaw
D:9:      nicolae_cairo_tiling_very_big, layout_cave_pools,
          mainiacjoe_overflow_paths, nicolae_shop_sticking_my_neck_out
D:10:     layout_cave_pods, mainiacjoe_overflow_boulevard,
          erik_lair_orcish_takeover, chequers_serial_rivers_room_a,
          minmay_pinched_square
D:11:     layout_basic
D:12:     layout_loops_ring, minmay_orc_entry_guard_dogs, uniq_nergalle
D:13:     layout_roguey, kennysheep_diamond, serial_park_tiny_2, uniq_erolcha
D:14:     layout_layer_cave, erik_vaults_1, old_standard_altar, uniq_lodul,
          uniq_nessos, uniq_jorgrun
D:15:     gammafunk_depths_entry_grave, layout_basic, serial_shops, shop,
          minivault_11, nicolae_shop_self_help
Lair:1:   layout_misc_corridors, nicolae_quartered_pool_little
Lair:2:   layout_misc_corridors, shoals_dummy_entry, beast_lair_carwin_7,
          uniq_harold
Lair:3:   layout_regular_city, guppyfry_snake_entry_island,
          gauntlet_entry_generic, chequers_serial_rivers_large_b,
          nzn_masters_of_martial_movement
Lair:4:   layout_gridlike, grunt_megastairs_1
Lair:5:   layout_regular_city, roderic_batcave, minivault_24, minmay_holes,
          dreamdust_deal_with_the_devil, serial_bayou_lagoon_a,
          columned_hall_lemuel, roderic_carrion_pond, lemuel_fruit_fields,
          infiniplex_staircase_pool
Lair:6:   guppyfry_lair_end_dragon, layout_gridlike,
          dpeg_slime_entry_enclosed_altar, gammafunk_ghost_hive, minivault_25
Orc:1:    layout_diamond_mine
Orc:2:    grunt_orc_gardens, layout_diamond_mine, grunt_orc_garden,
          grunt_orc_garden, grunt_orc_garden, grunt_orc_garden, basic_altar,
          serial_shops, nicolae_diamond_shop, small_statue_alley_c,
          minmay_orc_temple_b
Elf:1:    minmay_the_grid_four_pointed_star
          [minmay_the_grid_triangle_9x9_warning,
          minmay_the_grid_triangle_9x9_flanged_cone,
          minmay_the_grid_triangle_9x9_descending_squares,
          minmay_the_grid_triangle_9x9_corruption,
          minmay_the_grid_prize_big_room], layout_loops_cross,
          portal_desolation_entry_nicolae_nacl,
          hangedman_elven_crosses_minicolossus
Desolation

Skill      XL: |  1  2  3  4  5  6  7  8  9 10 11 12 13 14 15 16 |
---------------+-------------------------------------------------+-----
Long Blades    | 4 5 6 7 9 10 11 13 14 16 17 18 | 18.2
Stealth        | 3 4 5 7 8 10 11 13 14 15 17 | 17.9
Fighting       | 4 5 6 8 10 12 13 14 | 14.8
Dodging        | 5 6 7 8 9 11 12 14 15 16 17 | 17.5
Armour         | 1 |  1.0
Throwing       | 7 10 13 | 13.7

Action                   |  1- 3 |  4- 6 |  7- 9 | 10-12 | 13-15 | 16-18 || total
-------------------------+-------+-------+-------+-------+-------+-------++-------
Melee: Falchion          |   113 |   100 |   348 |   860 |   247 |       ||  1668
       Punch             |     2 |     1 |     4 |    16 |    16 |     5 ||    44
       Long sword        |       |       |    12 |    19 |  1045 |   271 ||  1347
       Tailslap          |       |       |       |     5 |     6 |       ||    11
       Headbutt          |       |       |       |       |   315 |    91 ||   406
       Dagger            |       |       |       |       |   102 |       ||   102
       Bite              |       |       |       |       |    91 |    51 ||   142
Throw: Dart              |       |     2 |     6 |     7 |    10 |       ||    25
       Throwing net      |       |       |       |     2 |       |       ||     2
       Javelin           |       |       |       |       |    12 |       ||    12
Evoke: Wand              |       |       |     3 |    20 |     5 |     2 ||    30
       Box of beasts     |       |       |       |     1 |     1 |     1 ||     3
       Phantom mirror    |       |       |       |     1 |     1 |     1 ||     3
  Use: Potion            |     4 |       |     8 |     7 |     6 |     3 ||    28
       Scroll            |       |       |    13 |     9 |    15 |     3 ||    40
 Stab: Sleeping          |     4 |     7 |     7 |    11 |    44 |     5 ||    78
       Invisible         |       |       |     7 |     7 |     1 |       ||    15
       Confused          |       |       |     1 |     3 |    11 |     6 ||    21
       Paralysed         |       |       |       |     9 |     3 |       ||    12
       Distracted        |       |       |       |    10 |     8 |     4 ||    22
       Petrifying        |       |       |       |     1 |     1 |       ||     2
Armor: Robe              |    19 |     1 |       |       |       |       ||    20
       Skin              |     5 |       |       |    15 |     2 |       ||    22
       Ring mail         |       |    27 |    65 |    42 |       |       ||   134
       Acid dragon scale |       |       |       |    84 |   252 |    64 ||   400
Dodge: Dodged            |   110 |    63 |   335 |   832 |  1569 |   375 ||  3284
       Repelled          |       |       |       |    10 |     6 |     4 ||    20

Table legend: (Time is in decaauts)
 A = Elapsed time spent in this place.
 B = Non-inter-level travel time spent in this place.
 C = Inter-level travel time spent in this place.
 D = Time resting spent in this place.
 E = Time spent auto-exploring this place.
 F = Levels seen in this place.
 G = Mean time per level.
                   A        B        C        D        E       F      G
               +--------+--------+--------+--------+--------+-----+--------+
         Total |  29948 |  28205 |   1743 |   5841 |  15628 |  26 | 1151.8 |
       Dungeon |  18855 |  17925 |    930 |   4081 |  10089 |  15 | 1257.0 |
          Lair |   8090 |   7540 |    550 |   1354 |   4388 |   6 | 1348.3 |
  Orcish Mines |   1867 |   1604 |    263 |     70 |    932 |   2 |  933.5 |
   Elven Halls |    124 |    124 |      0 |     26 |      3 |   1 |  124.0 |
    Desolation |    204 |    204 |      0 |     60 |     18 |   1 |  204.0 |
      Gauntlet |    805 |    805 |      0 |    249 |    198 |   1 |  805.0 |
               +--------+--------+--------+--------+--------+-----+--------+

Top non-repeatable levels by time:
    D:10: 2152 daAuts
  Lair:1: 2023 daAuts
    D:14: 1906 daAuts
  Lair:2: 1752 daAuts
     D:9: 1745 daAuts
     D:6: 1674 daAuts
     D:1: 1355 daAuts
     D:5: 1344 daAuts
  Lair:3: 1269 daAuts
     D:7: 1253 daAuts
  Lair:6: 1217 daAuts
   Orc:2: 1112 daAuts
    D:12: 1106 daAuts
     D:4: 1105 daAuts
    D:11: 977 daAuts
